← All builds
Air / Armada / Economy first / OBSERVED BUILD

Standard air

Armada Air build order · Supreme Isthmus

Builds an Aircraft Plant early, reclaims it for metal, then teches up through an Advanced Metal Extractor and Fusion Reactor while supplying teammates with transports and scouts, settling into Falcons and later Highwinds for the team's air…

Usually transports first (70%)

#eco #air #team support · 150 distinct matches · 68 players · 66% of Armada Air games · team won 42% of 153 · Recently observed

HOW TO PLAY IT

Key timing: Aircraft Plant by 1:32

  1. Take mex and wind while queuing the aircraft plant immediately.
  2. Get the aircraft plant up before 1:44 to start producing early.
  3. Build an advanced mex to keep economy scaling for T2.
  4. Send transports and scouts to allies as soon as they're ready.
  5. Add a fusion reactor and shift into fighters then Liche bombers.

Phase by phase

TYPICAL OF ITS 150 GAMES
  1. 1
  2. 2
  3. 3
PLAY THE OPENING

Follow the example game's first 6:00 step by step: what to build now, what comes next, and where it goes. At 1× it keeps pace with your own game.

  1. 1

    Up to the Aircraft Plant

    Economy
    • Metal Extractor3Mex
    • Wind Turbine5Wind
    • Energy Storage1Energy storage
    Order
    1. Aircraft PlantAircraft Plant after 3 mex, 5 wind, 1 energy storagedone ~1:30, middle half 1:22–1:41

    By 1:12 in all: 3 mex · 5 wind · 1 energy storage

    The example game in this phase · 5 steps
    1. Mex ×3
    2. Wind ×4
    3. Energy storage
    4. Wind
    5. Aircraft PlantAircraft Plantdone 1:40 · typical 1:30
  2. 2

    Aircraft Plant to 5:00

    Economy
    • Metal Extractor1Mex
    • Wind Turbine12Wind
    Builders
    • Construction Turret2 Con turret
    • Construction Aircraft1 Con aircraft
    Army
    • Falcon6 Fighter
    • Blink2 Scout plane for allies
    • Stork2 Light transport for allies
    • Blink1 Scout plane
    • Osprey1 Heavy transport for allies

    Some games also: light transport (33%) · banshee (33%)

    By 5:00 in all: 4 mex · 17 wind · 1 energy storage · 2 con turret

    The example game in this phase · 22 steps
    1. StorkLight transportfor Geo sea
    2. BlinkScout planefor Geo sea
    3. StorkLight transportfor Tech
    4. FalconFighter
    5. Wind
    6. FalconFighter
    7. Wind ×4
    8. FalconFighter
    9. Mex
    10. FalconFighter
    11. Wind ×3
    12. FalconFighter
    13. Wind
    14. Con turret
    15. FalconFighter
    16. Con turret
    17. FalconFighter ×2
    18. Wind
    19. FalconFighter
    20. Wind ×2
    21. FalconFighter
    22. Wind ×7
  3. 3

    5:00 to 10:00

    Economy
    • Wind Turbine34Wind
    • Energy Converter8Converter
    Order
    1. Aircraft PlantEat Aircraft Plant in 80% of games
    Builders
    • Construction Turret4 Con turret
    Army
    • Falcon10 Fighter

    Some games also: Aircraft Plant (48%) · con aircraft (48%) · fusion (32%)

    By 10:00 in all: 4 mex · 50 wind · 9 converter · 1 energy storage · 6 con turret

    The example game in this phase · 86 steps
    1. Wind ×4
    2. Advanced Metal ExtractorT2 mex ×2done 6:21 · typical 7:03
    3. StorkLight transport
    4. Advanced Metal ExtractorT2 mex
    5. Con turret
    6. Advanced Metal ExtractorT2 mex
    7. FalconFighter ×2
    8. Con turret
    9. FalconFighter ×2
    10. Wind
    11. FalconFighter
    12. Wind
    13. FalconFighter
    14. Wind
    15. FalconFighter
    16. OspreyHeavy transport
    17. Wind ×4
    18. Construction AircraftCon aircraft
    19. Wind
    20. Converter
    21. Wind
    22. Converter
    23. Wind ×3
    24. Converter
    25. Wind ×4
    26. Converter
    27. Wind ×4
    28. Converter
    29. Wind ×3
    30. Converter ×2
    31. Con turret
    32. Converter
    33. Fusion ReactorFusiondone 11:32 · typical 11:07
    34. Converter
    35. Con turret ×2
    36. FalconFighter ×20
    37. Con turret
    38. Advanced Fusion ReactorAdvanced Fusion Reactordone 13:55
    39. FalconFighter
    40. Con turret ×2
    41. FalconFighter
    42. Con turret
    43. FalconFighter ×2
    44. Con turret
    45. FalconFighter
    46. Con turret ×2
    47. FalconFighter
    48. Con turret
    49. FalconFighter
    50. Con turret ×2
    51. FalconFighter ×5
    52. Con turret
    53. FalconFighter ×2
    54. Con turret
    55. FalconFighter
    56. Con turret ×3
    57. Vehicle PlantVehicle Plant ×2done 13:14
    58. Converter ×6
    59. Construction AircraftCon aircraft
    60. Converter ×2
    61. Radar TowerRadar Tower
    62. SentrySentry ×2
    63. Aircraft PlantEat Aircraft Plantreclaimed for its metal
    64. Advanced Aircraft PlantAdvanced Aircraft Plantdone 14:35
    65. T2 converter
    66. SentrySentry
    67. BeamerBeamer
    68. Con turret
    69. ChainsawChainsaw
    70. Con turret ×3
    71. Converter
    72. Con turret
    73. BlitzBlitz ×2
    74. Converter
    75. BlitzBlitz ×3
    76. Con turret
    77. BlitzBlitz ×2
    78. Converter
    79. BlitzBlitz ×3
    80. T2 converter
    81. BlitzBlitz ×5
    82. Converter
    83. BlitzBlitz ×3
    84. T2 converter
    85. HighwindHighwind
    86. BlitzBlitz ×2

Counts are medians over the build's games: half of them build more, half fewer. The example game is Ram_Me_Daddy's (33 OS, 13/10/2026); pick another.

Team trades

IN AT LEAST 30% OF ITS GAMES

You hand over

  • Blink2 Scout plane to Geo sea or Beach seafirst at 1:50 · in 86% of games
  • Stork3 Light transport to Tech or Geo sea or Beach seafirst at 2:09 · in 90% of games
  • Osprey1 Heavy transport to Beach sea or Pond or Techfirst at 2:26 · in 66% of games

You get

  • Wind Turbine3 Wind from Beach sea or Geo seafirst at 1:33 · in 52% of games
  • Wind Turbine3 Wind from Beach sea or Geo sea or Techfirst at 1:40 · in 39% of games
  • Construction Bot1 Con bot from Techfirst at 2:28 · in 69% of games
  • Advanced Construction Bot1 T2 con bot from Techfirst at 6:04 · in 88% of games

How it plays out

Typical game of this build, running totals by minute

Metal produced

010k20k30k
0:005:0010:0015:00

metal

Enemy metal destroyed

01k2k
0:005:0010:0015:00

metal

Own metal lost

01k2k3k
0:005:0010:0015:00

metal

153 games.

Show as table
ByMetal produced: This buildEnemy metal destroyed: This buildOwn metal lost: This build
1:0039000
2:0091900
3:00145400
4:002060500
5:0027837473
6:003578148146
7:004959241250
8:006685337302
9:008662391365
10:0011009451489
11:0013467619584
12:0016151838708
13:00190351234935
14:002181516071450
15:002484619852270
WHAT THE NUMBERS SAY

Standard air play wins less than half its games while destroying far less metal than it loses by 15:00.

  • + Aircraft plant lands consistently by 1:44, keeping tempo on schedule.
  • − Enemy metal destroyed (2664) trails own metal lost (2351) by 15:00.
THE EXAMPLE YOU ARE READING

Ram_Me_Daddy

33.0 OS · 13/10/2026

Open source match ↗

48 received units · includes a constructor
235 metal received · 37338 energy received

Allied construction assistance is unknown. Timings are observations, not a promise of solo reproducibility.

Typical milestones

Aircraft Plant1:30Middle 50%: 1:22–1:41 · n=148
Advanced Metal Extractor7:03Middle 50%: 6:36–7:38 · n=144
Fusion Reactor11:07Middle 50%: 10:01–12:25 · n=87

Played most by

arcsiz25games of this buildbadbot10games of this buildLeohvm8games of this build[Grump]FranzDK6games of this buildFakepilot6games of this build